 Dungeon Crawl Stone Soup version 0.25.0-1-g7eea58d2a3 (webtiles) character file.

Game seed: 15604598008896636636

58 Anothat the Ruffian (level 3, 0/36 HPs)
             Began as a Troll Monk on June 13, 2020.
             Slain by a bullfrog (4 damage)
             ... on level 6 of the Dungeon.
             The game lasted 00:01:56 (1247 turns).

Anothat the Ruffian (Troll Monk)                    Turns: 1247, Time: 00:01:57

Health: 0/36       AC:  6    Str: 19 (20) XL:     3   Next: 75%
Magic:  2/2        EV: 10    Int:  3 (6)  God:
Gold:   94         SH:  0    Dex: 11 (12) Spells: 2/2 levels left

rFire    . . .     SeeInvis .     - Unarmed
rCold    . . .     Gourm    +   (no shield)
rNeg     . . .     Faith    .   a - +0 robe
rPois    .         Spirit   .   (helmet restricted)
rElec    .         Reflect  .   (no cloak)
rCorr    .         Harm     .   (gloves unavailable)
MR       .....                  (boots unavailable)
Stlth    +.........             (no amulet)
HPRegen  0.52/turn              (no ring)
MPRegen  0.08/turn              (no ring)

@: brilliant
A: large, unfitting armour, claws 3, fast metabolism 3, gourmand, regeneration
1, shaggy fur 1, tough skin 3
a: no special abilities


You were on level 6 of the Dungeon.
You were completely stuffed.

You visited 1 branch of the dungeon, and saw 4 of its levels.

You collected 94 gold pieces.

Inventory:

Armour
 a - a +0 robe (worn)
Jewellery
 m - a +6 ring of strength {unknown}
 p - an uncursed ring of stealth {unknown}
Wands
 s - a wand of digging (3)
Scrolls
 c - 3 scrolls of enchant armour
 e - a scroll of teleportation {unknown}
 g - a scroll of immolation
 h - 3 scrolls of identify
 k - a scroll of remove curse {unknown}
 n - a scroll of blinking {unknown}
Potions
 f - a potion of lignification {unknown}
 i - a potion of might {unknown}
 j - a potion of curing
 o - a potion of heal wounds {unknown}
 q - a potion of brilliance
 r - a potion of flight {unknown}
Comestibles
 b - 9 rations
 d - 2 chunks of flesh


   Skills:
 + Level 2.9 Fighting
 + Level 2.8 Dodging
 - Level 1.0 Stealth
 * Level 4.0 Unarmed Combat


You had 2 spell levels left.
You didn't know any spells.
Your spell library was empty.

Dungeon Overview and Level Annotations

Branches:
Dungeon (3/15)

Altars:
Makhleb
Sif Muna

Shops:
D:6 ?*[


Innate Abilities, Weirdness & Mutations

You are too large for most types of armour.
You have claws for hands.
Your metabolism is lightning-fast.
You like to eat raw meat.
Your natural rate of healing is unusually fast.
You are covered in fur. (AC +1)
You have extremely tough skin. (AC +3)


Message History

It is a scroll of identify.
c - 3 scrolls of enchant armour The bullfrog barely misses you.
Something hits you.
A leopard gecko comes into view.
An orc comes into view. It is wielding a +0 whip.
As you read the scroll labeled ONUISHIMETU, it crumbles to dust.
The creatures around you are filled with an inner flame!
It was a scroll of immolation.
The bullfrog hits you but does no damage.
Something hits you but does no damage. The bullfrog hits you.
It was a potion of brilliance.
You feel clever all of a sudden. Something hits you but does no damage.
The bullfrog hits you. Something hits you but does no damage.
The centaur skeleton hits you!
* * * LOW HITPOINT WARNING * * *
It was a potion of degeneration.
There was something very wrong with that liquid.
You feel weakened.
You feel dopey.
You feel clumsy. The bullfrog hits you.
You die...

.. ...........#
).##..........#
.................
..................
..................
.....#......#....∩......
.....#..)..[....Z..r...l
.....$..##....oo@oo.....
∩...∩.........ZF{oZ.....
??..#..........o.##...o.
..........##.Zo..# ....
.......o..##.....# ...
..........'oZ....# ..
####......#......# .
#.............#
#$#.?.#.........


You could see a bullfrog (inner flame), an orc priest (inner flame), 8 orcs, a
centaur zombie (inner flame), a leopard gecko (wandering, inner flame), a quokka
(inner flame), 2 adder skeletons, a centaur skeleton (inner flame) and a howler
monkey skeleton (inner flame).

Vanquished Creatures
  An adder (D:2)
  An ooze (D:1)
  2 leopard geckos (D:1)
  2 orcs (D:3)
  5 bats
  A giant cockroach (D:2)
  4 goblins (D:1)
  4 hobgoblins
  3 jackals (D:2)
  2 quokkas
  2 frilled lizards (D:1)
  5 kobolds
  7 rats
39 creatures vanquished.

Notes
Turn   | Place    | Note
-------+----------+-------------------------------------------
     0 | D:1      | Anothat the Troll Monk began the quest for the Orb.
     0 | D:1      | Reached XP level 1. HP: 22/22 MP: 0/0
   153 | D:1      | Reached XP level 2. HP: 29/29 MP: 1/1
   559 | D:1      | Reached XP level 3. HP: 36/36 MP: 2/2
  1111 | D:2      | Found a shimmering blue altar of Sif Muna.
  1206 | D:3      | Reached skill level 4 in Unarmed Combat
  1229 | D:3      | You fall into a shaft and drop 3 floors!
  1229 | D:6      | Found Vaupunos's Assorted Antiques.
  1229 | D:6      | Found Ytaitix's Magic Scroll Boutique.
  1229 | D:6      | Noticed a bullfrog
  1231 | D:6      | Found a burning altar of Makhleb.
  1237 | D:6      | Found Roelut's Antique Armour Shop.
  1247 | D:6      | Slain by a bullfrog

Illustrated notes

Levels and vault maps discovered:
D:1:      lightli_molten_gateway, layout_rooms, serial_glass, glass_columns_c,
          glass_columns_b
D:2:      layout_basic, led_sif_pool
D:3:      layout_loops_ring, lemuel_crystal_altar, tgw_xom
D:6:      layout_basic, bloody_makhleb, kennysheep_mini, serial_shops, shop,
          shop, shop, shop_scrolls, uniq_blork_the_orc, uniq_edmund,
          uniq_eustachio, uniq_grinder

Skill      XL: |  1  2  3 |
---------------+----------+-----
Unarmed Combat | 4 |  4.0
Fighting       | |  2.9
Dodging        | |  2.8
Stealth        | |  1.0

Action                   || total
-------------------------++-------
Melee: Unarmed           ||   103
       Punch             ||     1
  Use: Potion            ||     3
       Scroll            ||     2
 Stab: Sleeping          ||     1
  Eat: Chunk             ||    17
Armor: Robe              ||    50
Dodge: Dodged            ||    68
